 Dungeon Crawl Stone Soup version 0.18.1-8-gdd0e5ea (webtiles) character file.

660 Marenglen the Cudgeler (level 7, 0/61 HPs)
             Began as a Troll Arcane Marksman on May 23, 2016.
             Shot with an arrow by a centaur (8 damage)
             ... on level 4 of the Dungeon.
             The game lasted 00:15:28 (4296 turns).

Marenglen the Cudgeler (Troll Arcane Marksman)      Turns: 4296, Time: 00:15:29

Health: 0/61       AC:  3    Str: 20    XL:     7   Next: 30%
Magic:  7/7        EV: 10    Int: 14    God:
Gold:   153        SH:  0    Dex: 11    Spells: 2 memorised, 5 levels left

rFire  . . .     SeeInvis +     w - +1 whip (vamp)
rCold  . . .     Gourm    +     (armour restricted)
rNeg   . . .     Faith    .     (no shield)
rPois  .         Spirit   .     (helmet restricted)
rElec  .         Dismiss  .     (no cloak)
rCorr  .         Reflect  .     (gloves unavailable)
SustAt .         Harm     .     (boots unavailable)
MR     .....                    (no amulet)
Stlth  +.........               (no ring)
                                x - ring of see invisible

@: brilliant, very slightly contaminated, not resistant to hostile enchantments,
very unstealthy
A: unfitting armour, claws 3, fast metabolism 3, gourmand, regeneration 2,
shaggy fur 1, tough skin 2
a: no special abilities


You were on level 4 of the Dungeon.
You were full.

You visited 1 branch of the dungeon, and saw 5 of its levels.
You also visited: Sewer.

You collected 153 gold pieces.

Inventory:

Hand Weapons
 b - a +0 blowgun
 i - a +0 club
 w - a +1 vampiric whip (weapon)
Missiles
 d - 4 large rocks (quivered)
 p - 33 poisoned needles
 y - 2 throwing nets
Jewellery
 x - a ring of see invisible (left claw)
Wands
 s - a wand of random effects (48/48)
Scrolls
 a - a scroll of enchant weapon
 e - 4 scrolls of blinking
 h - 3 scrolls of amnesia
 v - a scroll of recharging
 A - a scroll of teleportation
 C - 3 scrolls of magic mapping
Potions
 c - a potion of degeneration {unknown}
 l - 2 potions of haste {unknown}
 m - 2 potions of cancellation
 q - a potion of lignification
 r - a potion of cure mutation
 t - 2 potions of brilliance
 u - a potion of invisibility {unknown}
 z - 3 potions of curing {unknown}
 B - 5 potions of might {unknown}
 D - 2 potions of heal wounds {unknown}
 E - a potion of magic {unknown}
Books
 n - a book of Debilitation

   Spells                             Type                      Level
   a - Corona                         Hexes                        1
   b - Slow                           Hexes                        2
   c - Gell's Gravitas                Hexes/Translocation          3
   d - Inner Flame                    Hexes/Fire                   3
   e - Cause Fear                     Hexes                        4
   f - Leda's Liquefaction            Hexes/Earth                  4
Comestibles
 f - 5 bread rations
 g - 4 meat rations
 j - 4 fruits
 k - a royal jelly
 o - a beef jerky


   Skills:
 - Level 0.7 Fighting
 + Level 4.7 Maces & Flails
 + Level 4.4 Throwing
 - Level 1.5 Dodging
 - Level 1.0 Spellcasting
 - Level 3.1 Hexes


You had 5 spell levels left.
You knew the following spells:

 Your Spells              Type           Power        Failure   Level  Hunger
a - Corona                Hex            ###....      1%          1    ##.....
b - Slow                  Hex            ###.....     1%          2    ###....


Dungeon Overview and Level Annotations

Branches:
Dungeon (5/15)
 Temple: D:4-7

Altars:
Okawaru
Sif Muna
Vehumet
Xom
Yredelemnul
Zin
The Shining One


Innate Abilities, Weirdness & Mutations

You are too large for most types of armour.
You have claws for hands.
Your metabolism is lightning-fast.
You like to eat raw meat.
You heal very quickly.
You are covered in fur (AC +1).
You have very tough skin (AC +2).


Message History

The orc hits you with a hand axe! The worm bites you but does no damage.
You hit the centaur.
You feel better.
The centaur is severely wounded.
The centaur hits you. The orc hits you with a hand axe.
* * * LOW HITPOINT WARNING * * *
The centaur hits you but does no damage.
Drink which item? (? for menu, Esc to quit)
It was a potion of brilliance.
You feel clever all of a sudden. The centaur hits you!
* * * LOW HITPOINT WARNING * * *
The orc hits you but does no damage. The worm barely misses you.
Read which item? (? for menu, Esc to quit)
Blink to where?
Press: ? - help, Dir - move target cursor You are very lightly contaminated with residual magic.
As you read the scroll of blinking, it crumbles to dust.
The centaur wields an uncursed shortbow.
The centaur shoots an arrow.
The arrow hits you!
You die...

##[....########.#..# #.# #.#.#
####### #.#..# #.# #.#.# #####
########....# #.# #.#.# ....#
#.......#...# #)# #.#.# ....#
#.(.....#...###.###.#.# ....#
#.......#...........#.##
....####.......#^.####.#####..#
..............................#
....####.......#@..##...####..#
....# ##########..##...# #..#
....# #...#...# #..# #####
##..##.## #..# #..##.# #..#
##.##.# #..# #..#.# #..#
#########c#w### #..#
#......#..ยง...# #..#


You could see a centaur.

Vanquished Creatures
  Sigmund (D:4)
  2 giant frogs (Sewer)
  A howler monkey (D:4)
  2 giant frog skeletons
  A worker ant (D:4)
  Robin (D:2)
  5 adders
  3 river rats (Sewer)
  3 oozes
  3 worms
  6 giant geckos
  2 orcs
  7 giant cockroaches
  23 goblins
  13 hobgoblins
  4 jackals (D:1)
  2 quokkas
  18 ball pythons
  7 bats
  6 giant newts
  9 kobolds
  27 rats
146 creatures vanquished.

Notes
Turn   | Place    | Note
--------------------------------------------------------------
     0 | D:1      | Marenglen the Troll Arcane Marksman began the quest for the Orb.
     0 | D:1      | Reached XP level 1. HP: 18/18 MP: 1/1
   166 | D:1      | Reached XP level 2. HP: 11/26 MP: 2/2
   862 | D:2      | Found a radiant altar of Vehumet.
   882 | D:2      | Reached skill level 1 in Maces & Flails
   956 | D:2      | Reached XP level 3. HP: 30/32 MP: 3/3
   979 | D:2      | Noticed Robin
  1171 | D:1      | Learned a level 2 spell: Slow
  1488 | D:1      | Reached XP level 4. HP: 38/40 MP: 4/4
  1508 | D:2      | Killed Robin
  2064 | D:3      | Found a glowing golden altar of the Shining One.
  2066 | D:3      | Noticed an angel
  2073 | D:3      | Found a basalt altar of Yredelemnul.
  2075 | D:3      | Noticed a profane servitor
  2135 | D:3      | Found an iron altar of Okawaru.
  2147 | D:3      | Found a shimmering altar of Xom.
  2317 | D:3      | Found a deep blue altar of Sif Muna.
  2609 | D:4      | Found a glowing silver altar of Zin.
  2656 | D:4      | Reached XP level 5. HP: 39/46 MP: 5/5
  2715 | D:4      | Found a glowing drain.
  2719 | Sewer    | Entered a sewer
  3295 | Sewer    | Reached XP level 6. HP: 54/54 MP: 6/6
  3891 | D:4      | Noticed Sigmund
  3914 | D:4      | Killed Sigmund
  3914 | D:4      | Reached XP level 7. HP: 61/61 MP: 7/7
  4219 | D:5      | Entered Level 5 of the Dungeon
  4296 | D:4      | Shot with an arrow by a centaur

Skill      XL: |  1  2  3  4  5  6 |
---------------+-------------------+-----
Maces & Flails | 1 2 3 4 |  4.7
Hexes          | 3 |  3.1
Throwing       | 2 3 4 |  4.4
Fighting       | |  0.7
Dodging        | |  1.5
Spellcasting   | |  1.0

Action                   |  1- 3 |  4- 6 |  7- 9 || total
-------------------------+-------+-------+-------++-------
Melee: Unarmed           |    30 |       |       ||    30
       Club              |   227 |    66 |       ||   293
       Whip              |       |   267 |    37 ||   304
Throw: Large rock        |    13 |    21 |       ||    34
       Throwing net      |     3 |     4 |       ||     7
Evoke: Wand              |       |     2 |       ||     2
  Use: Scroll            |     5 |    11 |     1 ||    17
       Potion            |     1 |     2 |     1 ||     4
 Stab: Held in net/web   |     1 |     1 |       ||     2
       Sleeping          |       |     1 |     1 ||     2
  Eat: Chunk             |    20 |    25 |     5 ||    50
Armor: Skin              |   149 |   122 |    10 ||   281
Dodge: Dodged            |   198 |   180 |    30 ||   408
